 Dungeon Crawl Stone Soup version 0.20.1-1-g8b1a95d66d (webtiles) character file.

89 Jukra the Skirmisher (level 4, -4/36 HPs)
             Began as a Demonspawn Abyssal Knight on Nov 18, 2017.
             Was a Believer of Lugonu.
             Killed from afar by joe12's ghost (7 damage)
             ... with a magic dart
             ... on level 3 of the Dungeon on Nov 22, 2017.
             The game lasted 00:05:31 (1697 turns).

Jukra the Skirmisher (Demonspawn Abyssal Knight)    Turns: 1697, Time: 00:05:33

Health: -4/36      AC:  6    Str: 13    XL:     4   Next: 31%
Magic:  4/5        EV: 10    Int: 13    God:    Lugonu [**....]
Gold:   133        SH:  0    Dex: 13    Spells: 3/3 levels left

rFire    . . .     SeeInvis .   e - +0 lajatang
rCold    . . .     Gourm    .   (shield currently unavailable)
rNeg     . . .     Faith    .   h - +1 ring mail
rPois    .         Spirit   .   (no helmet)
rElec    .         Reflect  .   (no cloak)
rCorr    .         Harm     .   (no gloves)
MR       .....                  (no boots)
Stlth    +.........             (no amulet)
Regen    0.2/turn               (no ring)
MPRegen  0.1/turn               (no ring)

@: no status effects
A: rot immunity
a: Depart the Abyss, Bend Space, Renounce Religion


You were on level 3 of the Dungeon.
You worshipped Lugonu.
Lugonu was pleased with you.
You were not hungry.

You visited 1 branch of the dungeon, and saw 3 of its levels.
You visited the Abyss 1 time.

You collected 133 gold pieces.

Inventory:

Hand Weapons
 a - a +1 hand axe
 e - a +0 lajatang (weapon)
 m - a +0 mace
 q - a cursed -3 short sword
Armour
 b - a +0 leather armour
 h - a +1 ring mail (worn)
Scrolls
 d - a scroll of identify {unknown}
Potions
 j - 3 potions of lignification
 k - 2 potions of curing
Comestibles
 c - 3 bread rations
 l - a meat ration


   Skills:
 + Level 3.6 Fighting
 + Level 2.8 Axes
 + Level 2.5 Armour
 + Level 1.2 Dodging
 + Level 0.4 Stealth
 + Level 2.6 Invocations


You had 3 spell levels left.
You didn't know any spells.

Dungeon Overview and Level Annotations

Branches:
Dungeon (3/15)

Altars:
Sif Muna

Annotations:
D:3 joe12's ghost, weakling DrCj


Innate Abilities, Weirdness & Mutations

You are immune to rotting.


Message History

You closely miss joe12's ghost.
Joe12's ghost hits you but does no damage.
You barely miss joe12's ghost.
Joe12's ghost hits you but does no damage.
Joe12's ghost closely misses you.
You hit joe12's ghost.
Joe12's ghost is lightly damaged.
Joe12's ghost completely misses you.
You closely miss joe12's ghost.
Joe12's ghost is lightly damaged.
Joe12's ghost hits you.
* * * LOW HITPOINT WARNING * * *
Space bends around you!
You blink.
You barely miss joe12's ghost.
Joe12's ghost is lightly damaged.
Joe12's ghost hits you.
* * * LOW HITPOINT WARNING * * *
Joe12's ghost points at you and mumbles some strange words.
The magic dart hits you!
You die...

### .# #.. #.## #.# ...# #.#
# ...# #.# .#. ..
#..>#######.##.#. ###.####
#........##.....#
#......####....###.##..#.##
....##...W@........##..#..#
#.................>........
#.##.#.............###.####
#.##.#.##.......##.# #.....
#......##....).....# #^####
#.#####.##.####.......####
#.# #.......)..# #.......#
#.# ######.####
#.......######.####
###.#######....†............#


You could see joe12's ghost.

Vanquished Creatures
  Jessica (D:3)
  An adder (D:2)
  A worm (D:2)
  A leopard gecko (D:1)
  An orc (D:3)
  7 bats
  13 goblins
  4 hobgoblins
  3 jackals (D:2)
  2 quokkas
  2 ball pythons
  2 frilled lizards
  6 kobolds
  3 rats
47 creatures vanquished.

Notes
Turn   | Place    | Note
-------+----------+-------------------------------------------
     0 | Abyss:1  | Jukra the Demonspawn Abyssal Knight began the quest for the Orb.
     0 | Abyss:1  | Reached XP level 1. HP: 18/18 MP: 2/2
    26 | Abyss:1  | Found a corrupted altar of Lugonu.
    39 | Abyss:1  | Noticed a small abomination
    40 | D:1      | Escaped the Abyss
   261 | D:1      | Gained mutation: You are immune to rotting. [demonic ancestry]
   261 | D:1      | Reached XP level 2. HP: 24/24 MP: 3/3
   441 | D:1      | Reached * piety under Lugonu
   616 | D:1      | Reached skill level 1 in Dodging
   990 | D:2      | Reached XP level 3. HP: 25/29 MP: 4/4
  1422 | D:2      | Reached ** piety under Lugonu
  1544 | D:2      | Found a deep blue altar of Sif Muna.
  1577 | D:3      | Noticed Jessica
  1583 | D:3      | Killed Jessica
  1583 | D:3      | Reached XP level 4. HP: 36/36 MP: 5/5
  1683 | D:3      | Noticed joe12's ghost (weakling DrCj)
  1697 | D:3      | Killed from afar by joe12's ghost

Skill      XL: |  1  2 |
---------------+-------+-----
Armour         | 2 |  2.5
Axes           | 2 |  2.8
Dodging        | 1 |  1.2
Fighting       | |  3.6
Stealth        | |  0.4
Invocations    | |  2.6

Action                   |  1- 3 |  4- 6 || total
-------------------------+-------+-------++-------
Melee: Hand axe          |   132 |    12 ||   144
       Lajatang          |       |    13 ||    13
Invok: Depart the Abyss  |     1 |       ||     1
       Bend Space        |       |     1 ||     1
  Use: Scroll            |     7 |       ||     7
       Potion            |     4 |       ||     4
  Eat: Meat ration       |     1 |       ||     1
Armor: Leather armour    |     7 |       ||     7
       Ring mail         |    73 |     7 ||    80
Dodge: Dodged            |    94 |    13 ||   107
